 Dungeon Crawl Stone Soup version 0.29.1-1-gd02db6906a (webtiles) character file.

Game seed: 7312886851470406778

954 porpoise the Chopper (level 8, -1/60 (65) HPs)
             Began as a Formicid Abyssal Knight on Oct 3, 2022.
             Was an Elder of Lugonu.
             Slain by a gnoll sergeant
             ... wielding a +4 trident of protection
              (9 damage)
             ... on level 6 of the Dungeon.
             The game lasted 00:16:06 (5654 turns).

porpoise the Chopper (Formicid Abyssal Knight)      Turns: 5654, Time: 00:16:07

HP:   -1/60 (65)    AC:  9    Str: 19    XL:     8   Next: 36%
MP:   10/10         EV:  7    Int: 11    God:    Lugonu [****..]
Gold: 275           SH:  0    Dex: 14    Spells: 7/7 levels left

rFire   . . .      SeeInvis +   a - +0 war axe
rCold   . . .      Faith    .   (no shield)
rNeg    . . .      Spirit   .   h - +0 chain mail
rPois   .          Reflect  .   (helmet unavailable)
rElec   .          Harm     .   q - +0 cloak
rCorr   .          Rampage  .   (no gloves)
Will    .....                   (no boots)
Stlth   ..........              g - amulet of the acrobat
HPRegen 0.20/turn               (no ring)
MPRegen 0.12/turn               (no ring)

@: drained
A: permanent stasis, dig shafts and tunnels, antennae 3, four strong arms
a: Dig, Shaft Self, Renounce Religion, Depart the Abyss, Bend Space, Banish,
Corrupt


You were on level 6 of the Dungeon.
You worshipped Lugonu.
Lugonu was greatly pleased with you.
You visited 1 branch of the dungeon, and saw 6 of its levels.
You visited the Abyss 1 time.

You collected 275 gold pieces.

Inventory:

Hand Weapons
 a - a +0 war axe (weapon)
 b - a +0 sling
 p - a +1 hand axe
Missiles
 i - 9 poisoned darts (quivered)
 k - 5 javelins
 v - 2 silver boomerangs
Armour
 d - a +0 plate armour
 h - a +0 chain mail (worn)
 q - a +0 cloak (worn)
Jewellery
 g - an amulet of the acrobat (around neck)
Wands
 s - a wand of flame (43)
Scrolls
 f - a scroll of poison
 j - 2 scrolls of amnesia
Potions
 c - a potion of heal wounds
 e - 2 potions of mutation
 l - 3 potions of curing
 m - a potion of invisibility
 n - a potion of lignification
 o - a potion of attraction {unknown}
 r - a potion of haste {unknown}
 t - a potion of cancellation {unknown}
 u - a potion of brilliance {unknown}
 x - 3 potions of flight


   Skills:
 + Level 6.4 Fighting
 * Level 7.5 Axes
 - Level 2.1 Armour
 - Level 0.8 Dodging
 + Level 3.0 Invocations


You had 7 spell levels left.
You didn't know any spells.
Your spell library contained the following spells:

 Spells                   Type           Power      Damage    Failure   Level
 Sting                    Tmut/Pois      0%         1d3       99%         1
 Poisonous Vapours        Pois/Air       0%         N/A       100%        2
 Olgreb's Toxic Radiance  Pois           0%         N/A       100%        4


Dungeon Overview and Level Annotations

Branches:
Dungeon (6/15)             Temple (0/1) D:6

Altars:
Makhleb
Qazlal
The Shining One


Innate Abilities, Weirdness & Mutations

You cannot be hasted, slowed, berserked, paralysed or teleported.
You can dig through walls and to a lower floor.
You have a pair of large antennae on your head. (SInv)
Your four strong arms can wield two-handed weapons with a shield.


Message History

You slash the gnoll sergeant!
The gnoll sergeant is moderately wounded.
The gnoll sergeant hits you with a +4 trident of protection!
You hit the gnoll sergeant but do no damage.
The gnoll sergeant is moderately wounded.
The gnoll sergeant hits you with a +4 trident of protection!
You barely miss the gnoll sergeant.
The gnoll sergeant is moderately wounded.
The gnoll sergeant barely misses you.
You barely miss the gnoll sergeant.
The gnoll sergeant is moderately wounded.
The gnoll sergeant hits you with a +4 trident of protection.
The gnoll sergeant closely misses you.
You hit the gnoll sergeant but do no damage.
The gnoll sergeant is moderately wounded.
The gnoll sergeant barely misses you.
You barely miss the gnoll sergeant.
The gnoll sergeant is moderately wounded.
The gnoll sergeant hits you but does no damage.
You hit the gnoll sergeant.
The gnoll sergeant is moderately wounded.
The gnoll sergeant barely misses you.
You hit the gnoll sergeant.
The gnoll sergeant is moderately wounded.
The gnoll sergeant hits you but does no damage.
You hit the gnoll sergeant.
The gnoll sergeant is heavily wounded.
The gnoll sergeant closely misses you.
You closely miss the gnoll sergeant.
The gnoll sergeant is heavily wounded.
The gnoll sergeant hits you with a +4 trident of protection.
You barely miss the gnoll sergeant.
The gnoll sergeant is heavily wounded.
The gnoll sergeant closely misses you.
You hit the gnoll sergeant.
The gnoll sergeant is severely wounded.
The gnoll sergeant hits you with a +4 trident of protection!
* * * LOW HITPOINT WARNING * * *
The gnoll sergeant hits you with a +4 trident of protection!
You die...

{ #+# ####
#.#####.(.!#
#.#..@g.(#
##.#.##.#...#
##....# ...
..# #.....#
#### .
##....#
#######.#.#
..........#
#######.###
#.#


You could see a gnoll sergeant.

Vanquished Creatures
  A water moccasin (D:5)
  A sky beast (D:4)
  An ogre (D:5)
  A centaur (D:3)
  A phantom (D:5)
  A bullfrog (D:6)
  A scorpion (D:6)
  A necrophage (D:6)
  2 orc priests
  2 hounds
  2 iguanas (D:5)
  6 adders
  3 white imps
  An ufetubus (D:4)
  2 worms
  5 dart slugs
  4 orcs
  6 endoplasms
  A giant cockroach (D:3)
  10 goblins
  4 hobgoblins
  4 jackals (D:4)
  2 quokkas
  10 ball pythons
  11 bats
  3 frilled lizards
  5 kobolds
  6 rats
97 creatures vanquished.

Vanquished Creatures (others)
  2 plants (D:6)
  A withered plant (D:6)
3 creatures vanquished.

Grand Total: 100 creatures vanquished

Notes
Turn   | Place    | Note
-------+----------+-------------------------------------------
     0 | Abyss:1  | porpoise the Formicid Abyssal Knight began the quest for
                  | the Orb.
     0 | Abyss:1  | Reached XP level 1. HP: 18/18 MP: 2/2
     1 | D:1      | Escaped the Abyss
   207 | D:1      | Reached XP level 2. HP: 24/24 MP: 3/3
   949 | D:2      | Reached XP level 3. HP: 30/30 MP: 4/4
   982 | D:2      | Reached skill level 3 in Axes
  1080 | D:2      | Reached XP level 4. HP: 21/37 MP: 5/5
  1486 | D:2      | Found a glowing golden altar of the Shining One.
  1832 | D:3      | Reached skill level 4 in Axes
  2223 | D:3      | Reached *** piety under Lugonu
  2234 | D:3      | Reached XP level 5. HP: 38/42 MP: 6/6
  2548 | D:3      | Noticed a centaur
  2553 | D:3      | Killed a centaur
  2554 | D:3      | Reached XP level 6. HP: 27/49 MP: 7/7
  2762 | D:3      | Reached skill level 5 in Axes
  3317 | D:4      | Noticed a sky beast
  3331 | D:4      | Killed a sky beast
  3332 | D:4      | Reached skill level 5 in Fighting
  3577 | D:4      | Reached **** piety under Lugonu
  3583 | D:4      | Reached XP level 7. HP: 56/56 MP: 8/8
  3678 | D:4      | Found a large runed translucent door.
  3678 | D:4      | Found a large runed translucent door.
  3870 | D:4      | Found a burning altar of Makhleb.
  3879 | D:4      | Found a stormy altar of Qazlal.
  3886 | D:4      | Reached skill level 6 in Axes
  3911 | D:5      | Entered Level 5 of the Dungeon
  4402 | D:5      | Noticed a water moccasin
  4409 | D:5      | Killed a water moccasin
  4778 | D:5      | Reached skill level 7 in Axes
  4778 | D:5      | Reached XP level 8. HP: 60/64 MP: 9/9
  5206 | D:6      | Found a staircase to the Ecumenical Temple.
  5654 | D:6      | Slain by a gnoll sergeant

Illustrated notes

Levels and vault maps discovered:
D:1:      wander_arrival_estate, layout_loops_cross
D:2:      layout_basic, basic_altar, minmay_tetromino_t2
D:3:      minmay_inner_zag, layout_rooms, minmay_misc_feat_nine_boxes
D:4:      layout_rooms, jmf_multi_god_temple2, kennysheep_potato
D:5:      layout_layer_cave
D:6:      kennysheep_six_static_rooms, layout_loops_corners,
          grunt_temple_overflow_growth_and_decay, minmay_temple_entry_mist,
          minmay_bent

Skill      XL: |  1  2  3  4  5  6  7  8 |
---------------+-------------------------+-----
Axes           | 3 4 5 7 |  7.5
Fighting       | 4 5 6 |  6.4
Invocations    | 3 |  3.0
Armour         | |  2.1
Dodging        | |  0.8

Action                   |  1- 3 |  4- 6 |  7- 9 || total
-------------------------+-------+-------+-------++-------
Melee: Hand axe          |    78 |    53 |       ||   131
       War axe           |       |    99 |   115 ||   214
       Punch             |       |     1 |     1 ||     2
Throw: Dart              |       |     6 |     3 ||     9
  Use: Scroll            |       |    12 |     1 ||    13
Armor: Leather armour    |    23 |       |       ||    23
       Chain mail        |    16 |    95 |    45 ||   156
Dodge: Dodged            |    48 |    57 |    41 ||   146
